 Dungeon Crawl Stone Soup version 0.27.0-1-g7a089689b8 (webtiles) character file.

Game seed: 8927618243459045352

25 ZombieSheep the Chopper (level 3, -3/33 HPs)
             Began as a Hill Orc Monk on Aug 3, 2021.
             Slain by Natasha (6 damage)
             ... on level 2 of the Dungeon.
             The game lasted 00:01:39 (1384 turns).

ZombieSheep the Chopper (Hill Orc Monk)             Turns: 1384, Time: 00:01:40

Health: -3/33      AC:  3    Str: 14    XL:     3   Next: 6%
Magic:  3/3        EV: 12    Int: 10    God:
Gold:   36         SH:  0    Dex: 13    Spells: 2/2 levels left

rFire    . . .     SeeInvis .   a - +1 hand axe
rCold    . . .     Faith    .   (no shield)
rNeg     . . .     Spirit   .   b - +1 robe
rPois    .         Reflect  .   (no helmet)
rElec    .         Harm     .   (no cloak)
rCorr    .         Rampage  .   (no gloves)
Will     .....                  (no boots)
Stlth    ++........             (no amulet)
HPRegen  0.11/turn              (no ring)
MPRegen  0.08/turn              (no ring)

@: slowed, very slow
A: no striking features
a: no special abilities


You were on level 2 of the Dungeon.
You visited 1 branch of the dungeon, and saw 2 of its levels.

You collected 36 gold pieces.

Inventory:

Hand Weapons
 a - a +1 hand axe (weapon)
Armour
 b - a +1 robe (worn)
Scrolls
 g - a scroll of identify
Potions
 h - 2 potions of brilliance


   Skills:
 + Level 3.9 Fighting
 * Level 4.6 Axes
 + Level 1.0 Armour
 + Level 2.6 Dodging
 - Level 1.5 Stealth


You had 2 spell levels left.
You didn't know any spells.
Your spell library was empty.

Dungeon Overview and Level Annotations

Branches:
Dungeon (2/15)

Altars:

Annotations:
D:2 Natasha


Message History

You are too injured to fight recklessly!
You are too injured to fight recklessly!
You are too injured to fight recklessly!
You are too injured to fight recklessly!
You are too injured to fight recklessly!
You are too injured to fight recklessly!
You are too injured to fight recklessly!
You are too injured to fight recklessly!
You are too injured to fight recklessly!
You are too injured to fight recklessly!
You hit Natasha.
Natasha is moderately wounded.
You hit the shadow imp. You hit the dart slug. Natasha closely misses you.
The shadow imp barely misses you.
Natasha mumbles some strange words.
Natasha's front paws start to glow.
Natasha misses you.
The dart slug bites you but does no damage.
You hit Natasha.
Natasha is heavily wounded.
You hit the dart slug.
You hit the shadow imp but do no damage.
The shadow imp gestures at you.
You barely resist.
Natasha stares at you and mumbles some strange words.
You feel as though you will be slow longer.
The shadow imp barely misses you. The dart slug launches a dart at you.
The slug dart hits you.
Natasha stares at you and mumbles some strange words.
You resist with significant effort.
You completely miss Natasha.
Natasha is heavily wounded.
You hit the shadow imp. You hit the dart slug.
You kill the dart slug!
The shadow imp gestures at you. Pain shoots through your body!
* * * LOW HITPOINT WARNING * * *
Natasha claws you.
You die...

###...#...
#........#
#........#
#........#
#........#
#........+
#...h5...#
#....@...#
#....!<..#
#........#
#........#
#..##....#
### 8...##
##...#
#...#
#...#


You could see Natasha and a shadow imp (summoned).

Vanquished Creatures
  A dart slug (D:2)
  4 ball pythons (D:1)
  An endoplasm (D:1)
  3 goblins (D:1)
  2 hobgoblins (D:1)
  3 jackals (D:1)
  A quokka (D:1)
  3 frilled lizards (D:1)
  3 kobolds (D:1)
  3 rats (D:1)
24 creatures vanquished.

Notes
Turn   | Place    | Note
-------+----------+-------------------------------------------
     0 | D:1      | ZombieSheep the Hill Orc Monk began the quest for the Orb.
     0 | D:1      | Reached XP level 1. HP: 19/19 MP: 1/1
   251 | D:1      | Reached XP level 2. HP: 24/27 MP: 2/2
  1029 | D:1      | Reached skill level 1 in Armour
  1065 | D:1      | Reached XP level 3. HP: 33/33 MP: 3/3
  1375 | D:2      | Noticed Natasha
  1384 | D:2      | Slain by Natasha

Illustrated notes

Levels and vault maps discovered:
D:1:      onia_arrival_mini_spirals, layout_loops_corners, minmay_tetromino_o2
D:2:      layout_basic, serial_shops, shop, nicolae_diamond_shop, shop, shop,
          serial_corexii_hall, chequers_hall_statues_wall_a,
          chequers_hall_statues_wall_a, uniq_natasha, uniq_terence, uniq_jessica

Skill      XL: |  1  2 |
---------------+-------+-----
Armour         | 1 |  1.0
Fighting       | |  3.9
Axes           | |  4.6
Dodging        | |  2.6
Stealth        | |  1.5

Action                   || total
-------------------------++-------
Melee: Hand axe          ||    89
  Use: Scroll            ||     6
 Stab: Sleeping          ||     4
Armor: Robe              ||     9
Dodge: Dodged            ||    69
